 Dungeon Crawl Stone Soup version 0.17-a0-1632-g0af21bd (webtiles) character file.

30508 Oddball22 the Cruncher (level 13, -5/126 HPs)
             Began as a Gargoyle Earth Elementalist on Aug 3, 2015.
             Was a High Priest of Fedhas.
             Slain by a spiny frog (15 damage)
             ... on level 3 of the Lair of Beasts.
             The game lasted 02:26:56 (23843 turns).

Oddball22 the Cruncher (GrEE)                      Turns: 23843, Time: 02:26:56

Health: -5/126     AC: 26    Str: 17    XL:     13   Next: 52%
Magic:  33/39      EV:  2    Int: 16    God:    Fedhas [*****.]
Gold:   728        SH:  0    Dex: 10    Spells: 7 memorised, 3 levels left

rFire  . . .     SeeInvis .     a - +4 quarterstaff (chaos)
rCold  . . .     Clarity  .     (armour currently unavailable)
rNeg   + + +     SustAt   .     (no shield)
rPois  ∞         Gourm    .     (helmet currently unavailable)
rElec  .         Spirit   .     (cloak currently unavailable)
rCorr  .         Warding  .     (gloves currently unavailable)
rMut   .         NoTele   +     (boots currently unavailable)
MR     .....                    x - amulet of rage
Stlth  ++........               o - ring of magical power
                                I - ring of magical power

@: tree-form, not resistant to hostile enchantments, unstealthy
A: mutation resistance 1, negative energy resistance 1, (electricity
resistance), (unbreathing), petrification resistance, rot immunity, AC +9
a: Evolution, Sunlight, Growth, Reproduction, Rain, Renounce Religion, Evoke
Berserk Rage


You were on level 3 of the Lair of Beasts.
You worshipped Fedhas.
Fedhas was extremely pleased with you.
You were very hungry.
You were a tree.
You visited 3 branches of the dungeon, and saw 17 of its levels.

You collected 1012 gold pieces.
You spent 284 gold pieces at shops.

Inventory:

Hand weapons
 a - a +4 quarterstaff of chaos (weapon)
 b - a +1 arbalest of freezing
 L - a +2 hand crossbow of flaming
 X - a +5 quarterstaff of protection
Missiles
 q - 27 poisoned bolts
 t - 460 stones (quivered)
 C - 15 bolts of flame
 M - 17 bolts
 V - 10 silver bolts
Armour
 k - a +2 pair of boots (melded)
 T - a +0 robe of magic resistance (melded)
 W - a +0 helmet (melded)
 Z - a +2 cloak (melded)
Magical staves
 z - an uncursed staff of wizardry
Jewellery
 o - a ring of magical power (right branch)
 x - an amulet of rage (around neck)
 D - an uncursed ring of see invisible
 I - a ring of magical power (left branch)
Magical devices
 u - a wand of draining (8)
 v - a wand of fireball (15)
 y - a wand of polymorph (3)
 G - a wand of fire (2)
 O - a wand of slowing (13)
 P - a wand of teleportation (0)
Scrolls
 e - 8 scrolls of remove curse
 g - a scroll of holy word {unknown}
 h - a scroll of blinking
 i - 2 scrolls of enchant armour
 p - 4 scrolls of amnesia {unknown}
 F - 3 scrolls of teleportation
Potions
 l - 3 potions of cancellation
 m - 3 potions of haste
 n - a potion of might
 r - 6 potions of curing
 w - 2 potions of brilliance
 B - a potion of resistance
 S - a potion of lignification
 U - 2 potions of agility
Books
 c - a book of Geomancy

   Spells                             Type                      Level
   a - Sandblast                      Earth                        1
   b - Stoneskin                      Transmutation/Earth          2
   c - Passwall                       Transmutation/Earth          3
   d - Stone Arrow                    Conjuration/Earth            3
   e - Petrify                        Transmutation/Earth          4
   f - Lee's Rapid Deconstruction     Earth                        5
 K - a book of Power

   Spells                             Type                      Level
   a - Fulminant Prism                Conjuration/Hexes            4
   b - Iskenderun's Mystic Blast      Conjuration                  4
   c - Venom Bolt                     Conjuration/Poison           5
   d - Bolt of Magma                  Conjuration/Fire/Earth       5
   e - Iron Shot                      Conjuration/Earth            6
   f - Orb of Destruction             Conjuration                  7
   g - Spellforged Servitor           Conjuration/Summoning        7
 R - a book of Spatial Translocations

   Spells                             Type                      Level
   a - Apportation                    Translocation                1
   b - Blink                          Translocation                2
   c - Shroud of Golubria             Charms/Translocation         2
   d - Portal Projectile              Translocation                3
   e - Teleport Other                 Translocation                3
   f - Passage of Golubria            Translocation                4
Comestibles
 d - 6 bread rations
 f - 7 meat rations
 j - 35 fruits
 s - a slice of pizza
 E - 8 beef jerkies


   Skills:
 - Level 11.1 Fighting
 + Level 12.5 Staves
 - Level 8.8 Armour
 - Level 4.1 Dodging
 - Level 2.1 Stealth
 - Level 5.7 Spellcasting
 - Level 6.1 Conjurations
 - Level 4.4 Translocations
 - Level 3.0 Transmutations
 - Level 9.9 Earth Magic


You had 3 spell levels left.
You knew the following spells:

 Your Spells              Type           Power        Failure   Level  Hunger
a - Sandblast             Erth           #####.       1%          1    None
b - Stoneskin             Trmt/Erth      ####....     1%          2    #......
c - Passwall              Trmt/Erth      ####......   3%          3    ##.....
d - Stone Arrow           Conj/Erth      ####..       1%          3    ##.....
e - Petrify               Trmt/Erth      ####....     12%         4    ####...
f - Lee's Rapid Deconstr  Erth           #####.....   10%         5    ######.
g - Blink                 Tloc           N/A          4%          2    #......


Dungeon Overview and Level Annotations

Branches:
Dungeon (13/15)            Temple (1/1) D:6            Lair (3/8) D:11
    Orc (0/4) D:12
  Swamp: Lair:3-6    Shoals: Lair:3-6     Snake: Lair:3-6    Spider: Lair:3-6
 Vaults: D:13-14

Altars:
Ashenzari
Cheibriados
Dithmenos
Elyvilon
Fedhas
Gozag
Kikubaaqudgha
Makhleb
Nemelex Xobeh
Okawaru
Qazlal
Ru
Sif Muna
Trog
Vehumet
Xom
Yredelemnul
Zin
The Shining One

Shops:
D:5 =   D:10 (   D:12 [?*=


Innate Abilities, Weirdness & Mutations

You are resistant to torment.
((Your stone body is resilient (AC +9).))
You are immune to poison.
You resist negative energy.
((You are resistant to electric shocks.))
((You can survive without breathing.))
You are immune to petrification.
You are immune to rotting.
You are somewhat resistant to further mutation.


Message History

The spiny frog is severely wounded.
The spiny frog closely misses you. The spiny frog stings you!!
* * * LOW HITPOINT WARNING * * *
Drink which item? (? for menu, Esc to quit)
You turn into a tree.
Your stony body turns to wood.
Your +2 cloak melds into your body.
Your +0 helmet melds into your body.
Your +2 pair of boots melds into your body.
Your +0 robe of magic resistance melds into your body.
You feel less resistant to hostile enchantments.
Your roots penetrate the ground.
The spiny frog barely misses you.
Casting: Stone Arrow
Confirm with . or Enter, or press ? or * to list all spells.
Aiming: Stone Arrow
Press: ? - help, Shift-Dir - straight line, f/p - spiny frog
Aim: a spiny frog (severely wounded, berserk, fast, unusually strong, poisoned)
The stone arrow misses the spiny frog.
The spiny frog stings you but does no damage.
The spiny frog stings you!
You die...
Fedhas appreciates your contribution to the ecosystem.

#............##P..#
#............PPP#
#....♣♣♣♣<......#
#...##.♣♣♣♣...♣♣.♣
#.... ♣.♣P♣♣♣♣♣♣
.... ♣.P♣♣ ... ♣♣.♣
.. ♣.♣♣ . ♣♣♣♣
♣hF♣♣ ≈≈≈≈≈ .≈≈≈≈≈≈
.≈≈≈≈≈≈ ..♣♣... .
♣P♣. P♣.♣


You could see a spiny frog (berserk) and a wolf.

Vanquished Creatures
  A centaur warrior (D:13)
  7 hydras
  A tengu warrior (D:13)
  The ghost of runewalsh the Frost Mage, an experienced OpIE of Sif Muna (Lair:1)
  2 unseen horrors
  Pikel (D:7)
  3 ugly things
  4 hill giants
  A cyclops (D:12)
  A black mamba (Lair:1)
  3 spiny frogs
  6 komodo dragons
  A two-headed ogre (D:13)
  A slime creature (D:13)
  11 blink frogs
  9 yaks
  A trapdoor spider (D:12)
  3 wyverns
  A wraith (D:11)
  A golden eye (shapeshifter) (D:13)
  A steam dragon (D:11)
  A hungry ghost (D:8)
  3 basilisks
  5 wolves
  4 hippogriffs
  A warg (Lair:1)
  5 porcupines
  6 water moccasins
  A sky beast (shapeshifter) (Lair:1)
  3 sky beasts
  11 ogres
  2 black bears
  4 orc warriors
  2 necrophages (D:8)
  An eye of draining (D:10)
  10 centaurs
  2 slaves (D:7)
  3 ice beasts
  2 phantoms
  The ghost of Larcoast the Shield-Bearer, an average HEFi (D:5)
  7 crocodiles
  2 big kobolds (D:10)
  The ghost of Oddball22 the Digger, an average GrEE (D:3)
  13 giant frogs
  A wyvern zombie (D:9)
  2 scorpions
  11 wights
  11 killer bees (D:10)
  A giant frog zombie (D:7)
  6 crimson imps
  A wasp zombie (D:11)
  3 centaur zombies
  4 hounds
  2 jellies
  Crazy Yiuf (D:7)
  12 iguanas
  7 orc priests
  11 orc wizards
  3 centaur skeletons
  A giant frog skeleton (D:12)
  4 worker ants
  A killer bee zombie (D:9)
  6 sheep (Lair:1)
  15 adders
  A worker ant zombie (D:8)
  40 river rats
  4 shadow imps
  A giant eyeball (Lair:1)
  2 oozes
  2 adder skeletons
  5 adder zombies
  2 worms (D:2)
  10 giant geckos
  53 orcs
  7 bats
  9 giant cockroaches
  4 goblins
  12 hobgoblins
  12 jackals
  8 quokkas
  3 ball pythons
  3 giant newts
  16 kobolds
  2 quokka zombies
  11 rats
460 creatures vanquished.

Vanquished Creatures (others)
  A shadow imp (D:7)
  A bush (Lair:1)
  6 fungi
  2 plants
  213 toadstools
223 creatures vanquished.

Grand Total: 683 creatures vanquished

Notes
Turn   | Place    | Note
--------------------------------------------------------------
     0 | D:1      | Oddball22 the Gargoyle Earth Elementalist began the quest for the Orb.
     0 | D:1      | Reached XP level 1. HP: 10/10 MP: 3/3
   508 | D:1      | Reached XP level 2. HP: 12/15 MP: 0/5
   607 | D:1      | Reached skill level 4 in Earth Magic
  1170 | D:1      | Reached XP level 3. HP: 19/19 MP: 1/6
  1572 | D:1      | Learned a level 2 spell: Stoneskin
  1576 | D:1      | Learned a level 3 spell: Passwall
  1593 | D:2      | Reached skill level 1 in Transmutations
  1841 | D:2      | Reached XP level 4. HP: 17/24 MP: 3/7
  1972 | D:2      | Reached skill level 5 in Earth Magic
  2540 | D:2      | Reached XP level 5. HP: 18/28 MP: 3/8
  2835 | D:3      | Noticed an orc warrior
  2894 | D:3      | Noticed Oddball22's ghost (average GrEE)
  2911 | D:2      | Learned a level 3 spell: Stone Arrow
  3645 | D:3      | Reached skill level 1 in Conjurations
  3645 | D:3      | Reached skill level 6 in Earth Magic
  3645 | D:3      | Reached XP level 6. HP: 16/32 MP: 2/9
  4019 | D:2      | Killed an orc warrior
  4221 | D:3      | Found a shattered altar of Ashenzari.
  4670 | D:3      | Killed Oddball22's ghost
  5149 | D:4      | Reached XP level 7. HP: 16/36 MP: 0/11
  6461 | D:4      | Reached skill level 5 in Conjurations
  6461 | D:4      | Reached skill level 7 in Earth Magic
  6497 | D:5      | Entered Level 5 of the Dungeon
  6497 | D:5      | Found a sacrificial altar of Ru.
  6497 | D:5      | Found a glowing golden altar of the Shining One.
  6503 | D:5      | Noticed Larcoast's ghost (average HEFi)
  6656 | D:5      | Killed Larcoast's ghost
  6656 | D:5      | Reached XP level 8. HP: 41/41 MP: 0/13
  8011 | D:5      | Reached skill level 8 in Earth Magic
  8143 | D:5      | Found Urayh's Jewellery Shop.
  8423 | D:5      | Learned a level 4 spell: Petrify
  8434 | D:5      | Bought an uncursed ring of magical power for 200 gold pieces
  8861 | D:6      | Reached skill level 1 in Fighting
  9115 | D:6      | Reached skill level 1 in Armour
  9319 | D:6      | Reached XP level 9. HP: 26/49 MP: 9/16
 10345 | D:6      | Found a staircase to the Ecumenical Temple.
 10354 | Temple   | Entered the Ecumenical Temple
 10529 | Temple   | Became a worshipper of Fedhas Madash
 11065 | D:7      | Noticed Pikel
 11070 | D:7      | Killed Pikel
 11070 | D:7      | Reached skill level 5 in Fighting
 11767 | D:7      | Noticed Crazy Yiuf
 11771 | D:7      | Killed Crazy Yiuf
 12099 | D:8      | Reached skill level 1 in Staves
 12239 | D:8      | Reached skill level 5 in Armour
 12324 | D:8      | Reached XP level 10. HP: 63/63 MP: 17/17
 13502 | D:8      | Acquired Fedhas's first power
 13946 | D:9      | Reached skill level 5 in Staves
 14113 | D:9      | Learned a level 5 spell: Lee's Rapid Deconstruction
 14153 | D:10     | Entered Level 10 of the Dungeon
 14182 | D:10     | Noticed a hill giant
 14203 | D:10     | Killed a hill giant
 14480 | D:10     | Found a glowing golden altar of the Shining One.
 14670 | D:10     | Found a runed door.
 15076 | D:10     | Acquired Fedhas's second power
 15399 | D:10     | Found Wuongul's Antique Weapon Boutique.
 15404 | D:10     | Bought a runed quarterstaff for 84 gold pieces
 15559 | D:10     | Noticed a hill giant
 15568 | D:10     | Killed an unseen horror
 15568 | D:10     | Reached XP level 11. HP: 69/69 MP: 4/18
 15577 | D:10     | Killed a hill giant
 15577 | D:10     | Reached skill level 9 in Fighting
 15837 | D:11     | Found a labyrinth entrance.
 16135 | D:11     | You fall through a shaft for 2 floors!
 16641 | D:12     | Found Boaxa's Antique Armour Emporium.
 16674 | D:12     | Found a staircase to the Orcish Mines.
 16702 | D:12     | Noticed a six-headed hydra
 16736 | D:12     | Killed a six-headed hydra
 16738 | D:12     | Found Muxewnum's General Store.
 16857 | D:12     | Found Ucwef's Jewellery Shop.
 17391 | D:12     | Found Rosudaen's Magic Scroll Shop.
 17606 | D:11     | Noticed a hill giant
 17614 | D:11     | Killed a hill giant
 17614 | D:11     | Reached skill level 10 in Fighting
 17622 | D:11     | Acquired Fedhas's third power
 17822 | D:11     | Reached XP level 12. HP: 77/77 MP: 19/19
 18069 | D:11     | You fall through a shaft for 2 floors!
 18102 | D:13     | Noticed a centaur warrior
 18119 | D:13     | Killed a centaur warrior
 18340 | D:13     | Noticed a tengu warrior
 18363 | D:13     | Killed a tengu warrior
 18363 | D:13     | Reached skill level 10 in Staves
 18376 | D:13     | Noticed a hill giant
 18391 | D:13     | Killed a hill giant
 18598 | D:13     | HP: 1/78 [slime creature (11)]
 18606 | D:12     | HP: 2/78 [something (2)]
 18608 | D:12     | Noticed an unseen horror
 18620 | D:12     | Killed an unseen horror
 19432 | D:11     | Noticed an eight-headed hydra
 19474 | D:11     | Killed an eight-headed hydra
 19693 | D:11     | Found a staircase to the Lair.
 19700 | Lair:1   | Entered Level 1 of the Lair of Beasts
 19706 | D:11     | Learned a level 2 spell: Blink
 19929 | D:11     | Reached skill level 1 in Translocations
 20215 | Lair:1   | Reached skill level 5 in Spellcasting
 20290 | Lair:1   | Noticed a seven-headed hydra
 20359 | Lair:1   | Killed a seven-headed hydra
 21227 | Lair:1   | Acquired Fedhas's fourth power
 21344 | Lair:1   | Noticed a six-headed hydra
 21353 | Lair:1   | Killed a six-headed hydra
 21353 | Lair:1   | Reached skill level 11 in Fighting
 21353 | Lair:1   | Reached XP level 13. HP: 44/84 MP: 13/21
 21560 | Lair:1   | Noticed runewalsh's ghost (experienced OpIE)
 21569 | Lair:1   | Killed runewalsh's ghost
 22403 | Lair:2   | Gained mutation: You are somewhat resistant to further mutation. [potion of beneficial mutation]
 22774 | Lair:2   | Acquired Fedhas's fifth power
 22969 | Lair:2   | Reached skill level 12 in Staves
 23843 | Lair:3   | Slain by a spiny frog

Vault maps used:
D:1:      minmay_arrival_loop
D:2:      first_bread
D:3:      st_stairs_13, nicolae_ashenzari_panopticon
D:5:      grunt_temple_overflow_open, serial_shops, shop, minmay_misc_feat_iff
D:6:      minmay_temple_entry_large_hall
D:7:      uniq_pikel, uniq_crazy_yiuf_cottage
D:8:      serial_undead, serial_undead_c, serial_undead_c, serial_undead_d,
          serial_undead_c
D:10:     serial_shops, kennysheep_little_box, basic_altar, minmay_st_funbox
D:11:     erik_lair_dragon, lab_entry_generic, grunt_ogre_cave
D:12:     orc_0_dummy, serial_shops, shop, shop_coins, nicolae_shop_trees, shop
D:13:     david_vaults_4
Temple:   minmay_crystal_snake_temple_18
Lair:1:   beast_lair_carwin_large_1, grunt_forest_large_clearings,
          lemuel_fruit_tree, grunt_megastairs_4
Lair:2:   st_stairs_11, serial_bayou_shore_b
Lair:3:   serial_bayou_shore_b, wad_woods_river_01, infiniplex_staircase_pool_2

Action                   |  1- 3 |  4- 6 |  7- 9 | 10-12 | 13-15 || total
-------------------------+-------+-------+-------+-------+-------++-------
Melee: Short sword       |    35 |       |       |       |       ||    35
       Unarmed           |     3 |       |       |       |       ||     3
       Dagger            |       |   118 |   318 |       |       ||   436
       Hunting sling     |       |     1 |       |       |       ||     1
       Quarterstaff      |       |       |    18 |   658 |   216 ||   892
 Fire: Hunting sling     |    21 |    61 |       |       |       ||    82
       Arbalest          |       |       |     5 |    10 |     3 ||    18
Throw: Stone             |       |       |       |     2 |       ||     2
 Cast: Sandblast         |    55 |    52 |    63 |    47 |     8 ||   225
       Stone Arrow       |       |    16 |   107 |   181 |    71 ||   375
       Stoneskin         |       |     3 |     7 |    14 |    12 ||    36
       Lee's Rapid Decon |       |       |       |     5 |       ||     5
Invok: Sunlight          |       |       |       |     4 |       ||     4
 Abil: Evoke Berserk Rag |       |       |       |     4 |     1 ||     5
Evoke: Wand              |       |       |       |     3 |       ||     3
  Use: Scroll            |       |     1 |     9 |    10 |     4 ||    24
       Potion            |       |     2 |     1 |     4 |     7 ||    14
 Stab: Sleeping          |       |       |     1 |     6 |     1 ||     8
       Paralysed         |       |       |       |     7 |     6 ||    13
       Confused          |       |       |       |     3 |       ||     3
       Distracted        |       |       |       |     1 |       ||     1
       Petrifying        |       |       |       |     1 |       ||     1
       Petrified         |       |       |       |     1 |       ||     1
  Eat: Chunk             |     4 |    10 |    24 |    29 |     6 ||    73
       Bread ration      |       |     1 |     1 |     4 |     1 ||     7
       Pizza             |       |       |     1 |       |       ||     1
       Royal jelly       |       |       |       |     1 |       ||     1
